 Dungeon Crawl Stone Soup version 0.29.0-15-g675c0067aa (webtiles) character file.

Game seed: 10690759697445645843

1053 ragingrage the Cleaver (level 8, -4/64 HPs)
             Began as a Minotaur Berserker on Sept 11, 2022.
             Was a Priest of Trog.
             Succumbed to a killer bee's poison
             ... on level 5 of the Dungeon.
             The game lasted 00:02:56 (4710 turns).

ragingrage the Cleaver (Minotaur Berserker)         Turns: 4710, Time: 00:02:57

Health: -4/64      AC: 12    Str: 21 (24) XL:     8   Next: 5%
Magic:  1/7        EV:  6    Int:  3 (4)  God:    Trog [***...]
Gold:   267        SH: 11    Dex:  8 (10) Spells: 7/7 levels left

rFire   . . .      SeeInvis .   x - +0 war axe
rCold   . . .      Faith    .   v - +0 tower shield
rNeg    . . .      Spirit   +   n - +4 scale mail
rPois   .          Reflect  .   (helmet restricted)
rElec   .          Harm     .   p - +0 cloak
rCorr   .          Rampage  .   (no gloves)
Will    .....                   (no boots)
Stlth   ..........              t - amulet of guardian spirit
HPRegen 0.20/turn               (no ring)
MPRegen 0.10/turn               (no ring)

@: lethally poisoned (-4 -> -18), on berserk cooldown, slowed, very slow
A: horns 2, retaliatory headbutt
a: Renounce Religion, Berserk, Trog's Hand


You were on level 5 of the Dungeon.
You worshipped Trog.
Trog was most pleased with you.
You visited 1 branch of the dungeon, and saw 5 of its levels.

You collected 267 gold pieces.

Inventory:

Hand Weapons
 a - a +0 hand axe
 x - a +0 war axe (weapon)
Armour
 n - a +4 scale mail (worn)
 p - a +0 cloak (worn)
 v - a +0 tower shield (worn)
Jewellery
 t - an amulet of guardian spirit (around neck)
 B - a +4 ring of protection
Wands
 y - a wand of flame (26)
Scrolls
 c - 2 scrolls of poison {unknown}
 e - 3 scrolls of vulnerability {unknown}
 f - 4 scrolls of blinking {unknown}
 g - 2 scrolls of noise {unknown}
 j - 3 scrolls of teleportation {unknown}
 m - a scroll of enchant weapon {unknown}
 q - 2 scrolls of enchant armour {unknown}
 u - 2 scrolls of immolation {unknown}
 w - a scroll of identify {unknown}
 A - a scroll of silence {unknown}
Potions
 b - 2 potions of degeneration
 d - 2 potions of curing {unknown}
 h - a potion of magic {unknown}
 i - a potion of berserk rage {unknown}
 k - a potion of resistance {unknown}
 l - 2 potions of haste {unknown}
 o - a potion of mutation {unknown}
 r - a potion of invisibility {unknown}
 s - a potion of flight {unknown}
 z - a potion of brilliance {unknown}
 C - a potion of attraction {unknown}


   Skills:
 - Level 3.6 Fighting
 * Level 10.3 Axes
 + Level 4.6 Armour
 - Level 2.1 Dodging
 + Level 3.7 Shields


You had 7 spell levels left.
You didn't know any spells.
Your spell library was empty.

Dungeon Overview and Level Annotations

Branches:
Dungeon (5/15)
 Temple: D:4-7

Altars:
Fedhas
Hepliaklqana
Qazlal
Uskayaw
Yredelemnul
Zin


Innate Abilities, Weirdness & Mutations

You have a pair of horns on your head.
You reflexively headbutt those who attack you in melee.


Message History

You closely miss the killer bee.
You feel sick. You block the killer bee's attack. x2
The killer bee stings you but does no damage.
The killer bee barely misses you.
You slice the killer bee!!
You kill the killer bee!
Trog accepts your kill.
You barely miss the killer bee. You slash the white imp!
You feel sick.
The killer bee stings you but does no damage.
The white imp gestures at you. The puff of frost hits you.
* * * LOW HITPOINT WARNING * * *
The killer bee stings you!
* * * LOW HITPOINT WARNING * * *
You closely miss the phantom. You miss the killer bee. You hit the white imp.
You kill the white imp!
Trog accepts your kill.
You feel sick.
The killer bee stings you but does no damage.
You slash the phantom!
The phantom is moderately damaged.
You hit the killer bee.
You feel sick. The killer bee closely misses you. The phantom hits you.
* * * LOW HITPOINT WARNING * * *
You block the killer bee's attack.
You barely miss the killer bee.
The killer bee is almost dead.
You closely miss the phantom.
You are no longer berserk.
You are exhausted.
You feel yourself slow down.
You feel sick. The killer bee stings you.
* * * LOW HITPOINT WARNING * * *
You are more poisoned.
The killer bee poisons you!
The phantom hits you but does no damage.
You block the killer bee's attack.
It was a potion of degeneration.
There was something very wrong with that liquid.
You feel weakened.
You feel dopey.
You feel clumsy.
You die...

#..... ..... #.
#....# ..... ###..
#....###.....
..##.###.....#......
...#..#.............
....................
#...........y......
#..........@W..w...
.##
.##.......#.......
....
####.....##....#.#
#..###.##......##..##
#.....##..)...##.##
#....#<........##
#.............##
#.....####...##
##.#.....## ....##


You could see a phantom, a worm and a killer bee.

Vanquished Creatures
  A water moccasin (D:4)
  An ogre (D:4)
  A necrophage (D:4)
  2 scorpions (D:5)
  5 killer bees (D:5)
  2 hounds (D:4)
  An orc priest (D:5)
  Terence (D:3)
  An iguana (D:3)
  Natasha (thrice) (D:3)
  An orc wizard (D:5)
  4 gnolls (D:5)
  8 adders
  A white imp (D:5)
  3 worms
  3 dart slugs
  10 orcs
  9 bats
  6 endoplasms
  3 giant cockroaches
  7 hobgoblins
  4 jackals (D:1)
  A quokka (D:2)
  9 ball pythons
  5 frilled lizards
  13 goblins
  5 kobolds
  8 rats
118 creatures vanquished.

Vanquished Creatures (others)
  8 plants (D:4)
8 creatures vanquished.

Grand Total: 126 creatures vanquished

Notes
Turn   | Place    | Note
-------+----------+-------------------------------------------
     0 | D:1      | ragingrage the Minotaur Berserker began the quest for the
                  | Orb.
     0 | D:1      | Reached XP level 1. HP: 19/19 MP: 0/0
    46 | D:1      | Reached skill level 4 in Axes
   111 | D:1      | Found a faded altar of an unknown god.
   181 | D:1      | Reached XP level 2. HP: 26/26 MP: 1/1
   553 | D:1      | Reached skill level 5 in Axes
   765 | D:1      | Reached XP level 3. HP: 31/31 MP: 2/2
  1572 | D:2      | Reached ** piety under Trog
  1760 | D:2      | Reached skill level 6 in Axes
  1760 | D:2      | Reached XP level 4. HP: 39/39 MP: 3/3
  2223 | D:3      | Noticed Natasha
  2229 | D:3      | Killed Natasha
  2272 | D:3      | Reached XP level 5. HP: 45/45 MP: 4/4
  2273 | D:3      | Reached skill level 7 in Axes
  2365 | D:3      | Noticed Terence
  2379 | D:3      | Killed Terence
  2737 | D:3      | Noticed Natasha
  2744 | D:3      | Killed Natasha
  3003 | D:3      | Noticed Natasha
  3012 | D:3      | Killed Natasha
  3013 | D:3      | Reached skill level 8 in Axes
  3094 | D:3      | Found a basalt altar of Yredelemnul.
  3204 | D:4      | Noticed an ogre
  3213 | D:4      | Killed an ogre
  3214 | D:4      | Reached XP level 6. HP: 23/51 MP: 2/5
  3548 | D:4      | Found a glowing silver altar of Zin.
  3602 | D:4      | Reached skill level 1 in Shields
  3693 | D:4      | Reached skill level 9 in Axes
  3778 | D:4      | Reached *** piety under Trog
  4022 | D:4      | Noticed a water moccasin
  4026 | D:4      | Killed a water moccasin
  4027 | D:4      | Reached XP level 7. HP: 45/57 MP: 6/6
  4200 | D:4      | Found a stormy altar of Qazlal.
  4200 | D:4      | Found a hide-covered altar of Uskayaw.
  4208 | D:4      | Found a blossoming altar of Fedhas.
  4210 | D:4      | Found a hazy altar of Hepliaklqana.
  4488 | D:5      | Entered Level 5 of the Dungeon
  4700 | D:5      | Reached skill level 10 in Axes
  4704 | D:5      | Reached XP level 8. HP: 43/64 MP: 4/7
  4709 | D:5      | HP: 1/64 [killer bee (5)]
  4710 | D:5      | Succumbed to a killer bee's poison

Illustrated notes

Levels and vault maps discovered:
D:1:      evilmike_arrival_crescent, layout_basic,
          hellmonk_ecumenical_altar_pennies_from_heaven
D:2:      layout_loops_ring
D:3:      layout_basic, mainiacjoe_overflow_surrounded_room, uniq_terence,
          uniq_natasha
D:4:      layout_loops_cross, chequers_temple_overflow_statue_of_worship,
          mainiacjoe_overflow_24_doors, serial_bayou, serial_bayou_shore_a,
          serial_bayou_pond_c, serial_bayou_lagoon_a, serial_bayou_lake_a,
          minmay_small_thing
D:5:      layout_cave_pools, grunt_temple_overflow_diamond,
          lightli_church_of_beogh, uniq_edmund

Skill      XL: |  1  2  3  4  5  6  7 |
---------------+----------------------+-----
Axes           | 4 5 6 8 9 10 | 10.3
Shields        | 2 3 |  3.7
Armour         | 3 4 |  4.6
Fighting       | |  3.6
Dodging        | |  2.1

Action                   |  1- 3 |  4- 6 |  7- 9 || total
-------------------------+-------+-------+-------++-------
Melee: Hand axe          |    88 |   146 |       ||   234
       Headbutt          |     9 |    25 |     6 ||    40
       War axe           |       |     8 |    33 ||    41
Invok: Berserk           |     1 |     2 |     2 ||     5
  Use: Potion            |       |       |     1 ||     1
Armor: Animal skin       |     7 |       |       ||     7
       Ring mail         |    23 |    17 |       ||    40
       Scale mail        |       |    38 |    44 ||    82
Dodge: Dodged            |    68 |    71 |    19 ||   158
Block: Tower shield      |       |    40 |    48 ||    88
